 Dungeon Sprint DCSS version 0.29.1-12-g30fa7ad0bf (webtiles) character file.

Game seed: 16548506193692033219

23534 boopmooplesden the Slayer (level 12, -6/136 HPs)
             Began as a Minotaur Berserker on Dec 12, 2022.
             Was the Champion of Trog.
             Mangled by an ettin
             ... wielding a +0 dire flail
              (28 damage)
             ... in the Dungeon (Sprint IX: "|||||||||||||||||||||||||||||").
             The game lasted 00:05:41 (3081 turns).

boopmooplesden the Slayer (Minotaur Berserker)      Turns: 3081, Time: 00:05:41

Health: -6/136     AC: 25    Str: 24    XL:     12   Next: 72%
Magic:  11/11      EV: 11    Int:  7    God:    Trog [******]
Gold:   1047       SH:  0    Dex: 13    Spells: 11/11 levels left

rFire   . . .      SeeInvis .   z - +5 lajatang (vorpal)
rCold   . . .      Faith    .   (shield currently unavailable)
rNeg    + + .      Spirit   .   y - +0 plate armour
rPois   +          Reflect  .   (helmet restricted)
rElec   .          Harm     .   m - +0 cloak
rCorr   .          Rampage  +   e - +0 pair of gloves of Hedge Wizardry {rN+ Regen+ Int+3}
Will    .....      NoTele   +   A - +2 pair of boots {rampage}
Stlth   ..........              (no amulet)
HPRegen 1.12/turn               D - ring of poison resistance
MPRegen 0.12/turn               B - ring of positive energy

@: on berserk cooldown, slowed, very slow
A: horns 2, retaliatory headbutt
a: Renounce Religion, Berserk, Trog's Hand, Brothers in Arms


You were in the Dungeon.
You worshipped Trog.
Trog was exalted by your worship.
You visited 1 branch You collected 1482 gold pieces.
You spent 435 gold pieces at shops.

Inventory:

Hand Weapons
 a - a +0 falchion
 k - the +2 scimitar of Pride {pain, Int+6 Dex+3}
   (You found it in the Dungeon)

   In the hands of one skilled in necromantic magic, it inflicts extra damage on
   living creatures.
   Int:       It affects your intelligence (+6).
   Dex:       It affects your dexterity (+3).
   Trog disapproves of the use of such an item.
 l - a +5 quarterstaff of speed
 u - a +1 scimitar of flaming
 x - a +4 falchion of flaming
 z - a +5 vorpal lajatang (weapon)
Armour
 b - a +0 animal skin
 e - the +0 pair of gloves of Hedge Wizardry (worn) {rN+ Regen+ Int+3}
   (You bought it in a shop in the Dungeon)

   Int:       It affects your intelligence (+3).
   rN:        It protects you from negative energy.
   Regen:     It increases your rate of health regeneration.
 m - a +0 cloak (worn)
 n - a +1 chain mail
 v - a +0 pair of boots
 w - a +0 pair of gloves
 y - a +0 plate armour (worn)
 A - a +2 pair of boots of rampaging (worn)
 F - +1 ice dragon scales
 G - +0 storm dragon scales
 H - +1 fire dragon scales
Jewellery
 o - a +2 ring of evasion
 p - a +2 ring of protection
 t - a ring of flight
 B - a ring of positive energy (right hand)
 C - an amulet of faith
 D - a ring of poison resistance (left hand)
 E - a ring of fire
Wands
 j - a wand of roots (10)
Scrolls
 h - 2 scrolls of blinking
 r - 7 scrolls of fog
 s - 3 scrolls of identify
Potions
 c - 9 potions of curing
 d - 5 potions of heal wounds
 f - 4 potions of magic
 g - a potion of berserk rage
 i - a potion of invisibility
 q - a potion of flight


   Skills:
 + Level 21.4 Fighting
 + Level 17.1 Long Blades
 + Level 21.3 Staves
 + Level 17.5 Armour
 + Level 8.8 Dodging
 + Level 3.3 Stealth


You had 11 spell levels left.
You didn't know any spells.
Your spell library was empty.

Dungeon Overview and Level Annotations

Branches:
Dungeon (1/1)

Altars:
Cheibriados
Dithmenos
Elyvilon
Fedhas
Gozag
Hepliaklqana
Kikubaaqudgha
Makhleb
Nemelex Xobeh
Okawaru
Qazlal
Ru
Sif Muna
Trog
Uskayaw
Vehumet
Wu Jian
Xom
Yredelemnul
Zin
The Shining One
Jiyva
Lugonu

Shops:
D ?[[(


Innate Abilities, Weirdness & Mutations

You have a pair of horns on your head.
You reflexively headbutt those who attack you in melee.


Message History

The necromancer binds the souls of nearby monsters.
The ettin hits your stone giant with a +0 dire flail!
The ettin hits your stone giant with a +2 vorpal dire flail!!!
The deep elf pyromancer simulacrum closely misses you.
You furiously retaliate!
You headbutt the deep elf pyromancer simulacrum!
The ettin hits your stone giant with a +0 dire flail!
The ettin barely misses your stone giant.
You slice the deep elf pyromancer simulacrum like a ripe choko!!!
The deep elf pyromancer simulacrum vaporises!
Your stone giant is engulfed in freezing vapours.
Your stone giant hits the ettin!
The ettin hits your stone giant with a +0 dire flail.
The ettin hits your stone giant with a +2 vorpal dire flail!!
You hit the fire giant simulacrum but do no damage.
Your stone giant is engulfed in freezing vapours.
Your stone giant dies!
Your stone giant's corpse disappears in a puff of smoke!
The fire giant simulacrum hits you but does no damage.
You slash the fire giant simulacrum!
The fire giant simulacrum is heavily damaged.
The fire giant simulacrum hits you but does no damage.
You slash the ettin!
The ettin is heavily wounded.
The ettin closely misses you. You furiously retaliate!
You headbutt the ettin, but do no damage.
The ettin hits you with a +2 vorpal dire flail.
You slash the ettin! Your headbutt misses the ettin.
The ettin is heavily wounded.
The necromancer gestures wildly while chanting.
The necromancer binds the souls of nearby monsters.
The ettin barely misses you.
The ettin hits you with a +2 vorpal dire flail!
The fire giant simulacrum hits you! The fire giant simulacrum freezes you!!
* * * LOW HITPOINT WARNING * * *
You slash the fire giant simulacrum!
The fire giant simulacrum is severely damaged.
The ettin hits you but does no damage.
The ettin hits you with a +2 vorpal dire flail!!
You die...

........'†.÷††)†....('...[[...'..
▓▓▓▓▓▓▓▓▓▓▓▓▓▓▓▓▓▓▓▓▓▓▓▓▓▓▓▓▓▓▓▓▓
..................[..............
▓▓▓▓▓▓▓▓▓▓▓▓▓▓▓▓▓▓▓▓▓▓▓▓▓▓▓▓▓▓▓▓▓
))))...')))).∩.∩.∩.∩.....'.......
▓▓▓▓▓▓▓▓▓▓▓▓▓▓▓▓▓▓▓▓▓▓▓▓▓▓▓▓▓▓▓▓▓
.................................
▓▓▓▓▓▓▓▓▓▓▓▓▓▓▓▓▓▓▓▓▓▓▓▓▓▓▓▓▓▓▓▓▓
!!.......†)))..Z@CpC....
▓▓▓▓▓▓▓▓▓▓▓▓▓▓▓▓▓▓▓▓▓▓▓▓


You could see 2 ettins, a necromancer and a fire giant simulacrum.

Vanquished Creatures
  A frost giant (D)
  A fire giant (D)
  An ettin (D)
  2 hydras (D)
  Erica (D)
  A death knight (D)
  2 centaur warriors (D)
  A two-headed ogre (D)
  A tengu warrior (D)
  4 death yaks (D)
  A deep elf pyromancer (D)
  10 orc knights (D)
  An orc sorcerer (D)
  An elephant (D)
  2 black mambas (D)
  4 cane toads (D)
  A cane toad (shapeshifter) (D)
  A freezing wraith (D)
  3 komodo dragons (D)
  2 rime drakes (D)
  A blink frog (D)
  5 yaks (D)
  A basilisk (D)
  A steam dragon (D)
  A vampire mosquito (D)
  A water moccasin (D)
  A floating eye (D)
  16 orc warriors (D)
  An ogre (D)
  An ice beast (D)
  A gnoll sergeant (D)
  A bullfrog (D)
  3 orc priests (D)
  An iguana (D)
  5 orc wizards (D)
  An adder (D)
  6 orcs (D)
  A giant cockroach (D)
  2 goblins (D)
  A kobold (D)
  A quokka (D)
  A rat (D)
94 creatures vanquished.

Vanquished Creatures (collateral kills)
  2 orc knights (D)
  A cane toad (D)
  A blink frog (D)
  A wyvern (D)
5 creatures vanquished.

Grand Total: 99 creatures vanquished

Notes
Turn   | Place    | Note
-------+----------+-------------------------------------------
     0 | D        | boopmooplesden the Minotaur Berserker began the quest for
                  | the Orb.
     0 | D        | Reached XP level 1. HP: 19/19 MP: 0/0
    16 | D        | Reached ** piety under Trog
   381 | D        | Noticed an ice beast
   381 | D        | Noticed an ogre
   381 | D        | Noticed an iguana
   385 | D        | Killed an ice beast
   386 | D        | Reached XP level 2. HP: 13/34 MP: 1/1
   386 | D        | Reached XP level 3. HP: 14/39 MP: 2/2
   386 | D        | Reached XP level 4. HP: 18/47 MP: 3/3
   386 | D        | Reached *** piety under Trog
   388 | D        | Killed an ogre
   389 | D        | Reached XP level 5. HP: 22/56 MP: 4/4
   603 | D        | Found a snail-covered altar of Cheibriados.
   603 | D        | Found a shadowy altar of Dithmenos.
   603 | D        | Found a white marble altar of Elyvilon.
   603 | D        | Found a blossoming altar of Fedhas.
   603 | D        | Found an opulent altar of Gozag.
   604 | D        | Found a hazy altar of Hepliaklqana.
   605 | D        | Found a viscous altar of Jiyva.
   606 | D        | Found an ancient bone altar of Kikubaaqudgha.
   607 | D        | Found a corrupted altar of Lugonu.
   608 | D        | Found a burning altar of Makhleb.
   609 | D        | Found a sparkling altar of Nemelex Xobeh.
   610 | D        | Found an iron altar of Okawaru.
   611 | D        | Found a stormy altar of Qazlal.
   612 | D        | Found a sacrificial altar of Ru.
   613 | D        | Found a shimmering blue altar of Sif Muna.
   614 | D        | Found a bloodstained altar of Trog.
   615 | D        | Found a hide-covered altar of Uskayaw.
   616 | D        | Found a radiant altar of Vehumet.
   617 | D        | Found an ornate altar of the Wu Jian Council.
   618 | D        | Found a shimmering altar of Xom.
   619 | D        | Found a basalt altar of Yredelemnul.
   620 | D        | Found a glowing silver altar of Zin.
   621 | D        | Found a glowing golden altar of the Shining One.
   639 | D        | Got the +2 scimitar of Pride {pain, Int+6 Dex+3}
   677 | D        | Noticed a yak
   677 | D        | Noticed an orc warrior
   677 | D        | Noticed an orc warrior
   677 | D        | Noticed a steam dragon
   677 | D        | Noticed a two-headed ogre
   680 | D        | Killed a yak
   681 | D        | Reached skill level 10 in Fighting
   681 | D        | Reached skill level 5 in Armour
   681 | D        | Reached skill level 5 in Dodging
   681 | D        | Reached skill level 1 in Stealth
   681 | D        | Reached XP level 6. HP: 67/67 MP: 5/5
   686 | D        | Reached **** piety under Trog
   689 | D        | Killed an orc warrior
   690 | D        | Reached skill level 1 in Staves
   690 | D        | Reached XP level 7. HP: 74/74 MP: 6/6
   695 | D        | Killed a two-headed ogre
   696 | D        | Reached skill level 5 in Staves
   696 | D        | Reached XP level 8. HP: 51/85 MP: 7/7
   701 | D        | Reached ***** piety under Trog
   942 | D        | Noticed a six-headed hydra
   942 | D        | Noticed a cane toad
   942 | D        | Noticed a four-headed hydra
   947 | D        | Killed a six-headed hydra
   948 | D        | Reached skill level 15 in Long Blades
   954 | D        | Reached XP level 9. HP: 95/95 MP: 8/8
   958 | D        | Killed a four-headed hydra
   967 | D        | Killed a cane toad
   968 | D        | Reached skill level 10 in Staves
  1131 | D        | Noticed a black mamba
  1131 | D        | Noticed a cane toad
  1131 | D        | Noticed a rime drake
  1131 | D        | Noticed a komodo dragon
  1135 | D        | Reached skill level 15 in Fighting
  1137 | D        | Noticed a rime drake
  1138 | D        | Killed a black mamba
  1139 | D        | Noticed a cane toad
  1141 | D        | Killed a cane toad
  1142 | D        | Noticed a cane toad
  1144 | D        | Killed a rime drake
  1144 | D        | Received a gift from Trog
  1145 | D        | Reached XP level 10. HP: 106/106 MP: 9/9
  1161 | D        | Reached ****** piety under Trog
  1164 | D        | Killed a cane toad
  1171 | D        | Killed a cane toad
  1190 | D        | Noticed a cane toad
  1190 | D        | Noticed an elephant
  1190 | D        | Noticed a black mamba
  1194 | D        | Reached skill level 10 in Armour
  1195 | D        | Killed a cane toad
  1199 | D        | Noticed a cane toad
  1209 | D        | Killed an elephant
  1215 | D        | Killed a black mamba
  1220 | D        | Killed a cane toad
  1221 | D        | Reached skill level 15 in Staves
  1226 | D        | Received a gift from Trog
  1543 | D        | Noticed a death yak
  1543 | D        | Noticed a death yak
  1543 | D        | Noticed a death yak
  1545 | D        | Noticed a death yak
  1548 | D        | Killed a death yak
  1549 | D        | Reached XP level 11. HP: 117/117 MP: 10/10
  1554 | D        | Killed a death yak
  1561 | D        | Killed a death yak
  1569 | D        | Killed a death yak
  1584 | D        | Received a gift from Trog
  1815 | D        | Noticed Erica
  1833 | D        | Killed Erica
  1986 | D        | Noticed an orc knight
  2000 | D        | Killed an orc knight
  2000 | D        | Received a gift from Trog
  2020 | D        | Received a gift from Trog
  2158 | D        | Noticed an orc sorcerer
  2164 | D        | Noticed an orc knight
  2175 | D        | Killed an orc sorcerer
  2184 | D        | Killed an orc knight
  2189 | D        | Received a gift from Trog
  2473 | D        | Found Zukhlanna's Magic Scroll Emporium.
  2473 | D        | Noticed an orc knight
  2473 | D        | Noticed an orc knight
  2473 | D        | Noticed an orc knight
  2476 | D        | Noticed an orc knight
  2479 | D        | Killed an orc knight
  2480 | D        | Found Yhyid's Antique Armour Shoppe.
  2486 | D        | Killed an orc knight
  2487 | D        | Found Ufudgh's Armour Emporium.
  2487 | D        | Noticed an orc knight
  2490 | D        | Noticed an orc knight
  2492 | D        | Killed an orc knight
  2497 | D        | Noticed an orc knight
  2499 | D        | Killed an orc knight
  2499 | D        | Received a gift from Trog
  2503 | D        | Killed an orc knight
  2504 | D        | Reached XP level 12. HP: 17/130 MP: 11/11
  2519 | D        | Found Xuop's Weapon Shoppe.
  2548 | D        | Reached skill level 15 in Armour
  2839 | D        | Bought the +0 pair of gloves of Hedge Wizardry {rN+ Regen+
                  | Int+3} for 220 gold pieces
  2839 | D        | Bought a +2 pair of boots of rampaging for 215 gold pieces
  3029 | D        | Noticed a death knight
  3029 | D        | Noticed a centaur warrior
  3029 | D        | Noticed a centaur warrior
  3036 | D        | Noticed a frost giant
  3036 | D        | Killed a death knight
  3038 | D        | Killed a centaur warrior
  3039 | D        | Killed a centaur warrior
  3046 | D        | Received a gift from Trog
  3047 | D        | Noticed a tengu warrior
  3049 | D        | Killed a frost giant
  3050 | D        | Noticed a fire giant
  3050 | D        | Noticed an ettin
  3056 | D        | Killed a tengu warrior
  3056 | D        | Paralysed by a floating eye for 4 turns
  3056 | D        | Noticed an ettin
  3065 | D        | Killed a fire giant
  3066 | D        | Noticed an ettin
  3067 | D        | Received a gift from Trog
  3068 | D        | Paralysed by a floating eye for 2 turns
  3072 | D        | Killed an ettin
  3081 | D        | Mangled by an ettin

Illustrated notes

Levels and vault maps discovered:
D:        linesprint [early_d, line_temple, items_1, d_10, items_2, lair_1,
          lair_end, items_3, orc_1, orc_end, items_4, d_15, swamp_1, shoals_1,
          snake_1, spider_1, d_20, vaults_1, items_5, swamp_end, shoals_end,
          snake_end, spider_end, vaults_end, d_27, items_6, zot_1, zot_end,
          crypt_end, forest_end, elf_end, slime_end, tomb_end, abyss_end,
          pan_hell_end]

Skill      XL: |  1  2  3  4  5  6  7  8  9 10 11 12 |
---------------+-------------------------------------+-----
Fighting       | 7 8 10 11 12 14 15 17 19 21 | 21.4
Long Blades    | 7 9 11 12 13 15 16 17 | 17.1
Armour         | 3 4 5 6 7 9 11 14 17 | 17.5
Dodging        | 3 4 5 6 7 8 |  8.8
Stealth        | 1 2 3 |  3.3
Staves         | 1 5 8 11 16 19 21 | 21.3

Action                   |  1- 3 |  4- 6 |  7- 9 | 10-12 || total
-------------------------+-------+-------+-------+-------++-------
Melee: Falchion          |    25 |     7 |       |       ||    32
       Headbutt          |     5 |     7 |    10 |    54 ||    76
       Quarterstaff      |       |    10 |    43 |   159 ||   212
       Punch             |       |     1 |       |       ||     1
       Lajatang          |       |       |       |    77 ||    77
Invok: Berserk           |     1 |     1 |     2 |     7 ||    11
       Brothers in Arms  |       |       |       |     3 ||     3
  Use: Scroll            |       |       |       |     2 ||     2
       Potion            |       |       |       |     3 ||     3
Armor: Animal skin       |     6 |       |       |       ||     6
       Chain mail        |       |     4 |    13 |    25 ||    42
       Plate armour      |       |       |       |    24 ||    24
Dodge: Dodged            |    10 |     1 |    13 |    55 ||    79
